 Dungeon Crawl Stone Soup version 0.27-a0-103-g6cd7b45605 (webtiles) character file.

Game seed: 15300214735428734687

1155 timneilson the Covered (level 8, -1/73 HPs)
             Began as a Gargoyle Fighter on Jan 23, 2021.
             Killed by nerve-wracking pain
             ... invoked by a shadow imp
              (5 damage)
             ... on level 5 of the Dungeon.
             The game lasted 00:06:10 (5228 turns).

timneilson the Covered (Gargoyle Fighter)           Turns: 5228, Time: 00:06:10

Health: -1/73      AC: 16    Str: 22    XL:     8   Next: 39%
Magic:  8/8        EV:  8    Int:  9    God:
Gold:   114        SH: 10    Dex:  9    Spells: 7/7 levels left

rFire    + . .     SeeInvis .   a - +1 long sword
rCold    . . .     Faith    .   c - +0 kite shield
rNeg     + . .     Spirit   .   b - +0 scale mail
rPois    ∞         Reflect  .   s - +2 hat
rElec    +         Harm     .   (no cloak)
rCorr    .         Rampage  .   (no gloves)
Will     .....                  g - +0 pair of boots
Stlth    ..........             (no amulet)
HPRegen  0.22/turn              l - ring of protection from fire
MPRegen  0.11/turn              (no ring)

@: berserking (expiring), very quick
A: negative energy resistance 1, electricity resistance, unbreathing,
petrification resistance, miasma immunity, AC +5
a: no special abilities


You were on level 5 of the Dungeon.
You visited 1 branch of the dungeon, and saw 5 of its levels.

You collected 114 gold pieces.

Inventory:

Hand Weapons
 a - a +1 long sword (weapon)
Armour
 b - a +0 scale mail (worn)
 c - a +0 kite shield (worn)
 g - a +0 pair of boots (worn)
 k - a +0 chain mail
 s - a +2 hat (worn)
Jewellery
 l - a ring of protection from fire (left hand)
 r - an uncursed ring of see invisible {unknown}
 v - an uncursed ring of fire {unknown}
Wands
 q - a wand of enslavement (11)
Scrolls
 m - 3 scrolls of enchant weapon
 n - 4 scrolls of remove curse
 p - 3 scrolls of noise {unknown}
 t - a scroll of amnesia
 u - a scroll of magic mapping {unknown}
Potions
 d - 2 potions of attraction {unknown}
 e - a potion of resistance
 f - a potion of mutation
 i - a potion of ambrosia
 j - a potion of brilliance
 o - a potion of cancellation {unknown}


   Skills:
 + Level 5.0 Fighting
 * Level 5.0 Long Blades
 * Level 6.4 Armour
 * Level 6.3 Shields
 + Level 1.5 Evocations


You had 7 spell levels left.
You didn't know any spells.
Your spell library contained the following spells:

 Spells                   Type           Power        Failure   Level
 Freeze                   Ice            0%           96%         1


Dungeon Overview and Level Annotations

Branches:
Dungeon (5/15)
 Temple: D:4-7

Altars:
Elyvilon
Sif Muna
Trog


Innate Abilities, Weirdness & Mutations

You are resistant to torment.
Your stone body is resilient. (AC +5)
You are immune to poison.
You resist negative energy. (rN+)
You are resistant to electric shocks. (rElec)
You can survive without breathing.
You are immune to petrification.
You are immune to miasma.


Message History

The orc priest is moderately wounded.
The orc priest looks satisfied for a moment.
The sky beast hits you but does no damage.
The shadow imp gestures at you. Pain shoots through your body!
* * * LOW HITPOINT WARNING * * *
Something hits you but does no damage.
You slash the orc priest!
You kill the orc priest!
Something hits you but does no damage.
The sky beast hits you but does no damage.
The shadow imp hits you but does no damage.
You block the orc's attack. Something hits you but does no damage.
Unknown command.
You slash the sky beast!
You kill the sky beast!
Something hits you but does no damage. The shadow imp gestures at you.
Pain shoots through your body!
You die...

...........# ...........
..........# ..........#
..........# ..........#
......)5o.#... .#...
#{@)###'###'#... ..
#.†.#..........#### .>.
#...#..........#...
.......
....#...#..........#...
.......
....'...#..........#...
.......
....#...#..........#...
.......
.....#...'..........#...
.......
.....#####..........##..
....#
####..........########..


You could see a shadow imp and an orc.

Vanquished Creatures
  Pikel (D:5)
  Grinder (D:3)
  A sky beast (D:5)
  2 hounds
  3 orc priests
  An orc wizard (D:3)
  An iguana (D:5)
  2 worker ants (D:5)
  A worker ant zombie (D:5)
  A howler monkey zombie (D:5)
  4 adders
  5 gnolls
  A howler monkey skeleton (D:4)
  A white imp (D:2)
  2 oozes (D:3)
  An adder skeleton (D:4)
  2 worms
  A dart slug (D:1)
  14 orcs
  5 ball pythons
  8 bats
  6 giant cockroaches
  5 goblins
  6 hobgoblins
  5 jackals (D:4)
  A quokka (D:4)
  6 frilled lizards
  12 kobolds
  2 quokka zombies (D:5)
  9 rats
110 creatures vanquished.

Vanquished Creatures (others)
  A plant (D:3)
1 creature vanquished.

Grand Total: 111 creatures vanquished

Notes
Turn   | Place    | Note
-------+----------+-------------------------------------------
     0 | D:1      | timneilson the Gargoyle Fighter began the quest for the
                  | Orb.
     0 | D:1      | Reached XP level 1. HP: 14/14 MP: 1/1
   269 | D:1      | Reached XP level 2. HP: 17/19 MP: 2/2
   888 | D:1      | Reached XP level 3. HP: 23/23 MP: 3/3
  1355 | D:2      | Found a faded altar of an unknown god.
  1380 | D:2      | Found a white marble altar of Elyvilon.
  1591 | D:2      | Reached XP level 4. HP: 28/28 MP: 4/4
  1664 | D:2      | Found a bloodstained altar of Trog.
  1680 | D:2      | Found a shimmering blue altar of Sif Muna.
  1684 | D:2      | Identified Sif Muna's Handbook of Snow
  2156 | D:3      | Reached XP level 5. HP: 33/33 MP: 5/5
  2394 | D:3      | Noticed Grinder
  2410 | D:3      | Paralysed by Grinder for 5 turns
  2417 | D:3      | Killed Grinder
  2418 | D:3      | Reached skill level 5 in Armour
  2418 | D:3      | Reached skill level 5 in Shields
  2418 | D:3      | Reached XP level 6. HP: 18/38 MP: 6/6
  3385 | D:4      | Reached XP level 7. HP: 43/43 MP: 7/7
  4357 | D:5      | Entered Level 5 of the Dungeon
  4688 | D:5      | Noticed Pikel
  4724 | D:5      | Killed Pikel
  4725 | D:5      | Reached skill level 5 in Fighting
  4725 | D:5      | Reached skill level 1 in Evocations
  4725 | D:5      | Reached XP level 8. HP: 30/49 MP: 8/8
  5226 | D:5      | Reached skill level 5 in Long Blades
  5226 | D:5      | HP: 3/73 [shadow imp/nerve-wracking pain (3)]
  5228 | D:5      | Killed from afar by a shadow imp

Illustrated notes

Levels and vault maps discovered:
D:1:      elethiomel_arrival_infinity_welcomes_careful_drivers,
          layout_loops_corners
D:2:      layout_rooms, nzn_overflow_gifts_of_might_and_magic, elyvilon_altar_4,
          chequers_ecumenical_altar_simple_redux, minmay_misc_feat_tower
D:3:      layout_loops_corners, serial_forest, infiniplex_forest_lined_3_way,
          infiniplex_forest_straight_3, infiniplex_forest_side_room,
          infiniplex_forest_straight_4, infiniplex_forest_clump_small,
          uniq_grinder
D:4:      minmay_angry_zag, layout_basic
D:5:      layout_gridville, uniq_pikel

Skill      XL: |  1  2  3  4  5  6  7  8 |
---------------+-------------------------+-----
Long Blades    | 2 3 4 5 |  5.0
Armour         | 4 5 6 |  6.4
Shields        | 4 5 6 |  6.3
Fighting       | 4 5 |  5.0
Evocations     | 1 |  1.5

Action                   |  1- 3 |  4- 6 |  7- 9 || total
-------------------------+-------+-------+-------++-------
Melee: Long sword        |   158 |   113 |   142 ||   413
  Use: Scroll            |     2 |     6 |     3 ||    11
       Potion            |       |     1 |     2 ||     3
Armor: Scale mail        |    97 |    48 |    97 ||   242
Dodge: Dodged            |    57 |    32 |    40 ||   129
Block: Kite shield       |   100 |    43 |    95 ||   238
       Rpst.: Long sword |    15 |    11 |    16 ||    42

Table legend: (Time is in decaauts)
 A = Elapsed time spent in this place.
 B = Non-inter-level travel time spent in this place.
 C = Inter-level travel time spent in this place.
 D = Time resting spent in this place.
 E = Time spent auto-exploring this place.
 F = Levels seen in this place.
 G = Mean time per level.
                   A        B        C        D        E       F      G
               +--------+--------+--------+--------+--------+-----+--------+
         Total |   5352 |   5233 |    119 |    200 |   4028 |   5 | 1070.4 |
       Dungeon |   5352 |   5233 |    119 |    200 |   4028 |   5 | 1070.4 |
               +--------+--------+--------+--------+--------+-----+--------+

Top non-repeatable levels by time:
     D:3: 1259 daAuts
     D:1: 1139 daAuts
     D:4: 1113 daAuts
     D:2: 947 daAuts
     D:5: 893 daAuts
